 Dungeon Crawl Stone Soup version 0.31.0-32-g396128a36d (webtiles) character file.

Game seed: 7239179716221062829

63 spaghetti the Sneak (level 4, 0/23 HPs)
             Began as a Vine Stalker Chaos Knight on Mar 14, 2024.
             Was a Plaything of Xom.
             Slain by an ice beast (13 damage)
             ... on level 4 of the Dungeon.
             The game lasted 00:01:25 (1075 turns).

spaghetti the Sneak (Vine Stalker Chaos Knight)     Turns: 1075, Time: 00:01:26

Health: 0/23       AC:  5    Str: 14    XL:     4   Next: 9%
Magic:  0/5        EV: 17    Int: 14    God:    Xom [*.....]
Gold:   87         SH:  0    Dex: 14    Spells: 2/3 levels left

rFire   . . .        k - staff of death
rCold   . . .        (no shield)
rNeg    + . .        b - +2 leather armour
rPois   .            (no helmet)
rElec   .            (no cloak)
rCorr   .            (no gloves)
SInv    .            (no boots)
Will    .....        (no amulet)
Stlth   ++           f - +5 ring of evasion
HPRegen 1.03/turn    (no ring)
MPRegen 0.09/turn

%: guardian spirit
@: no status effects
A: fangs 2, regeneration 1, magic shield, antimagic bite, no potion heal 2
a: Renounce Religion


You were on level 4 of the Dungeon.
You worshipped Xom.
You were a special plaything of Xom.
You visited 1 branch of the dungeon, and saw 3 of its levels.

You collected 87 gold pieces.

Inventory:

Hand Weapons
 a - a +0 short sword of chaos
Armour
 b - a +2 leather armour (worn)
Magical Staves
 k - a staff of death (weapon)
Jewellery
 f - a +5 ring of evasion (left hand)
Scrolls
 c - a scroll of butterflies
 d - 2 scrolls of fog
 e - a scroll of immolation {unknown}
 g - a scroll of brand weapon
 h - 2 scrolls of teleportation {unknown}
 i - a scroll of fear {unknown}


   Skills:
 - Level 2.6 Fighting
 - Level 2.6 Short Blades
 - Level 1.5 Armour
 * Level 2.2 Dodging
 + Level 2.8 Stealth
 + Level 0.6 Necromancy
 + Level 0.3 Evocations


You had 2 spell levels left.
You knew the following spells:

 Your Spells              Type           Power      Damage    Failure   Level
a - Necrotise             Necr           8%         1d4       28%         1

Your spell library contained the following spells:

 Spells                   Type           Power      Damage    Failure   Level
 Apportation              Tloc           0%         N/A       34%         1
 Sting                    Conj/Alch      0%         1d3       34%         1
 Summon Small Mammal      Summ           0%         N/A       34%         1
 Volatile Blastmotes      Fire/Tloc      0%         2d10      71%         3
 Fulminant Prism          Conj/Alch      0%         3d5       98%         4
 Iskenderun's Mystic Bla  Conj/Tloc      0%         2d3       98%         4


Dungeon Overview and Level Annotations

Branches:
Dungeon (2/15)

Altars:

Portals:
Ossuary: D:4


Innate Abilities, Weirdness & Mutations

You have extremely sharp teeth.
Your natural rate of healing is unusually fast.
When hurt, damage is shared between your health and your magic reserves.
Your bite disrupts and absorbs the magic of your enemies.
Potions cannot restore your health.


Message History

You are too confused!
You are too confused!
You are too confused!
You are too confused!
You are too confused!
You are too confused!
You are too confused!
You are too confused!
You are too confused!
You are too confused!
You are too confused!
You are too confused!
You are too confused!
You are too confused!
You are too confused!
The quokka seems less confused.
The ice beast seems less confused.
The ice beast closely misses you.
You feel less confused.
You hit the ice beast but do no damage. The ice beast closely misses you.
You hit the ice beast.
You bite the ice beast, but do no damage.
The ice beast is lightly wounded.
The quokka barely misses you. The ice beast hits you.
The ice beast freezes you! The quokka bites you.
You hit the ice beast but do no damage. Your bite misses the ice beast.
The ice beast is lightly wounded.
The ice beast misses you. The quokka barely misses you.
It was a potion of curing.
That felt strangely inert.
The quokka barely misses you. The ice beast closely misses you.
It was a potion of heal wounds.
That seemed strangely inert.
The quokka closely misses you. The ice beast closely misses you.
The quokka barely misses you.
You closely miss the ice beast.
The ice beast is lightly wounded.
The ice beast closely misses you. The quokka completely misses you.
The ice beast hits you. The ice beast freezes you!
Ouch! That really hurt!
You die...
Xom howls with laughter!

.............
............
#..........#
#..#.#.....#
##...$......# .
##....∩......#
...##............#
#.......r..#.....
...#..@Y........#
#.#.#.##.........#
#........#########
.........#
#..#.###.## ...#.
#..# . #.# ##.##
.. #..###### #.
##......#


You could see an ice beast and a quokka.

Vanquished Creatures
  A gnoll (D:1)
  An adder (D:2)
  2 dart slugs (D:1)
  4 endoplasms
  A hobgoblin (D:1)
  11 jackals
  A kobold (D:2)
  2 quokkas (D:2)
  3 ball pythons
  2 frilled lizards (D:1)
  4 goblins
  4 rats
36 creatures vanquished.

Notes
Turn   | Place    | Note
-------+----------+-------------------------------------------
     0 | D:1      | spaghetti the Vine Stalker Chaos Knight began the quest for
                  | the Orb.
     0 | D:1      | Reached XP level 1. HP: 11/11 MP: 2/2
    23 | D:1      | Reached skill level 1 in Stealth
   279 | D:1      | Found a faded altar of an unknown god.
   288 | D:1      | Reached skill level 1 in Dodging
   288 | D:1      | Reached XP level 2. HP: 16/16 MP: 3/3
   555 | D:1      | Reached XP level 3. HP: 16/19 MP: 2/4
   557 | D:1      | Learned a level 1 spell: Necrotise
   797 | D:2      | XOM: silly message
   898 | D:2      | Reached XP level 4. HP: 21/23 MP: 3/5
   961 | D:2      | XOM: 1-stop teleportation journey
  1029 | D:2      | You fall into a shaft and drop 2 floors!
  1056 | D:4      | Found a sand-covered staircase.
  1060 | D:4      | Noticed an ice beast
  1064 | D:4      | XOM: confusion (+ monsters)
  1075 | D:4      | Slain by an ice beast

Illustrated notes

Levels and vault maps discovered:
D:1:      dpeg_arrival_arbitrary_c, layout_loops_ring,
          shapermc_ecumenical_altar_mp_ritualfount, lemuel_flame_loot_1
D:2:      kennysheep_the_goblin_king, layout_rooms
D:4:      layout_rooms, nicolae_ossuary_entry_ruins,
          serial_library_hellmonk_room_b, serial_park_tiny_2

Skill      XL: |  1  2  3 |
---------------+----------+-----
Stealth        | 1 2 |  2.8
Dodging        | 1 2 |  2.2
Fighting       | |  2.6
Short Blades   | |  2.6
Armour         | |  1.5
Necromancy     | |  0.6
Evocations     | |  0.3

Action                     |  1- 3 |  4- 6 || total
---------------------------+-------+-------++-------
  Melee: Short sword       |    27 |       ||    27
         Bite              |    28 |     9 ||    37
         Staff             |    80 |    23 ||   103
         Punch             |     1 |       ||     1
    Use: Scroll            |       |     3 ||     3
         Potion            |       |     2 ||     2
   Stab: Sleeping          |     2 |       ||     2
 Armour: Leather armour    |    69 |    10 ||    79
  Dodge: Dodged            |   186 |    45 ||   231
